cohdb
Replays
Latest Replays
All Replays
Popular Replays
Top Player Replays
Match Explorer
How It Works
Community
CoH3 Stats
Reddit
Sign in to upload your games and track your stats! →
Sign in with Steam
Match 31474427
Unlisted
Match 31474427
Overview
Messages
Build Orders
End
Construct Section Command Post
Vickers Machine Gun Team
Dingo Light Scout Car
Infantry Section
Infantry Section
Grenade Package
Infantry Section
Construct Platoon Command Post
Selects Air and Sea Battlegroup
Selects Supply Surplus
Construct Resource Cache
Unlock M3 Stuart Light Tanks
M3 Stuart Light Tank
M3 Stuart Light Tank
Construct Resource Cache
Infantry Training
Construct Resource Cache
Selects Centaur Medium Tank
Centaur Medium Tank
Royal Engineer Section
Selects Assault Flares
Dream
5
Vlambulance-YouTube
The101stAirBorne
LLNyang
Capibimbambombolilalone
0
0
Comments
sign in to comment!
No comments posted yet!